 Dungeon Crawl Stone Soup version 0.25-a0-571-gb5e01bddfa (webtiles) character file.

Game seed: 8469356330265122614, levelgen mode: deterministic

970 Flugslaktarn the Chopper (level 7, -1/66 HPs)
             Began as a Deep Dwarf Fighter on Feb 29, 2020.
             Killed from afar by Maggie (4 damage)
             ... with a bolt of fire
             ... on level 6 of the Dungeon.
             The game lasted 00:02:11 (2537 turns).

Flugslaktarn the Chopper (Deep Dwarf Fighter)       Turns: 2537, Time: 00:02:12

Health: -1/66      AC: 10    Str: 22    XL:     7   Next: 94%
Magic:  0/0        EV:  7    Int:  8    God:
Gold:   86         SH: 11    Dex: 17    Spells: 6/6 levels left

rFire    . . .     SeeInvis .   a - +0 war axe
rCold    . . .     Gourm    .   c - +0 kite shield
rNeg     . . .     Faith    .   b - +0 scale mail
rPois    .         Spirit   .   n - +0 helmet
rElec    .         Reflect  .   q - +0 cloak
rCorr    .         Harm     .   (no gloves)
MR       +....                  (no boots)
Stlth    ..........             (no amulet)
HPRegen  0.00/turn              g - +5 ring of dexterity
MPRegen  0.07/turn              (no ring)

@: non-regenerating
A: damage resistance, heal wounds, sense surroundings 1, no regeneration
a: Heal Wounds


You were on level 6 of the Dungeon.
You were not hungry.

You visited 2 branches of the dungeon, and saw 7 of its levels.
You also visited: Ossuary.

You collected 206 gold pieces.
You spent 120 gold pieces at shops.

Inventory:

Hand Weapons
 a - a +0 war axe (weapon)
Armour
 b - a +0 scale mail (worn)
 c - a +0 kite shield (worn)
 n - a +0 helmet (worn)
   (You found it on level 2 of the Dungeon)
 q - a +0 cloak (worn)
   (You found it on level 4 of the Dungeon)
Jewellery
 g - a +5 ring of dexterity (left hand)
   (You found it on level 4 of the Dungeon)
 k - an uncursed ring of magical power {unknown}
   (You found it on level 2 of the Dungeon)
Scrolls
 f - 6 scrolls of random uselessness {unknown}
 r - 2 scrolls of identify
 t - 2 scrolls of noise {unknown}
 u - 2 scrolls of blinking {unknown}
 w - 2 scrolls of remove curse
 x - a scroll of enchant weapon {unknown}
 A - a scroll of magic mapping
Potions
 d - 4 potions of might
 h - 2 potions of haste
 i - a potion of ambrosia {unknown}
 j - 5 potions of curing {unknown}
 l - a potion of stabbing {unknown}
 m - 2 potions of heal wounds {unknown}
 o - 10 potions of degeneration {unknown}
 p - 4 potions of flight {unknown}
 s - 5 potions of mutation {unknown}
 v - a potion of brilliance {unknown}
 y - 2 potions of lignification {unknown}
 z - a potion of cancellation {unknown}
Comestibles
 e - 3 rations
 B - 11 chunks of flesh


   Skills:
 + Level 4.5 Fighting
 * Level 6.7 Axes
 + Level 5.5 Armour
 + Level 5.5 Shields


You had 6 spell levels left.
You didn't know any spells.
Your spell library was empty.

Dungeon Overview and Level Annotations

Branches:
Dungeon (6/15)             Temple (1/1) D:4         Ossuary (visited)

Altars:
Cheibriados
Elyvilon
Fedhas
Gozag
Hepliaklqana
Kikubaaqudgha
Nemelex Xobeh
Ru
Uskayaw
Vehumet
Wu Jian
Xom
Yredelemnul
Zin

Shops:
D:4 *

Annotations:
D:6 Maggie


Innate Abilities, Weirdness & Mutations

You are resistant to damage.
You can heal yourself by infusing magical energy.
You passively map a small area around you.
You do not regenerate.


Message History

Maggie gestures wildly while chanting.
Maggie attempts to bespell you!
You easily resist.
Maggie gestures wildly while chanting.
Maggie attempts to bespell you!
You easily resist.
You closely miss Maggie.
Maggie is moderately wounded.
You block Maggie's attack.
You closely miss Maggie.
Maggie is moderately wounded.
Maggie points at you and mumbles some strange words.
The bolt of fire hits you!!
* * * LOW HITPOINT WARNING * * *
You hit Maggie.
Maggie is moderately wounded.
Maggie hits you but does no damage.
You slash Maggie!
Maggie is heavily wounded.
Maggie gestures at you while chanting. The bolt of fire hits you.
You die...

## ##.# #<..## ##....#
###.....##* #........
#.......@###### *
#....##..@.....#*#
....)...........#.##
#......................#
..#...##.#.......#...##..#
..##.............#....# ,
.......#..............#,,
#.......#............# ,
.##......##..............
.........##.).##..........


You could see Maggie.

Vanquished Creatures
  An orc warrior (D:6)
  A phantom (D:5)
  A centaur (D:6)
  2 scorpions (D:5)
  A centaur zombie (Ossuary)
  2 crimson imps (D:6)
  A hound (D:4)
  3 orc priests
  2 centaur skeletons (D:4)
  A jelly (D:5)
  3 orc wizards
  An iguana (D:5)
  A hound zombie (D:6)
  4 mummies (Ossuary)
  7 adders
  An ooze (D:2)
  2 adder zombies (D:5)
  An adder skeleton (D:4)
  A worm (D:6)
  A dart slug (D:4)
  15 orcs
  2 giant cockroaches
  A goblin (D:2)
  3 jackals (D:6)
  2 bats
  3 frilled lizards
  2 gnoll zombies (Ossuary)
  2 goblin zombies (D:5)
  3 hobgoblin zombies (Ossuary)
  A kobold (D:3)
  2 kobold zombies (Ossuary)
  A quokka zombie (D:5)
74 creatures vanquished.

Notes
Turn   | Place    | Note
-------+----------+-------------------------------------------
     0 | D:1      | Flugslaktarn the Deep Dwarf Fighter began the quest for the
                  | Orb.
     0 | D:1      | Reached XP level 1. HP: 20/20 MP: 1/1
   147 | D:2      | Reached XP level 2. HP: 22/27 MP: 2/2
   348 | D:2      | Found a basalt altar of Yredelemnul.
   351 | D:2      | Found a hide-covered altar of Uskayaw.
   352 | D:2      | Found a blossoming altar of Fedhas.
   418 | D:3      | Reached skill level 3 in Axes
   418 | D:3      | Reached XP level 3. HP: 25/33 MP: 3/3
   556 | D:4      | Reached XP level 4. HP: 22/42 MP: 4/4
   570 | D:4      | Found a staircase to the Ecumenical Temple.
   886 | Temple   | Entered the Ecumenical Temple
  1050 | D:4      | Reached skill level 4 in Axes
  1050 | D:4      | Reached XP level 5. HP: 36/49 MP: 4/4
  1062 | D:4      | Found Besuirgh's Assorted Antiques.
  1071 | D:4      | Bought a scroll labeled XANY RUMPIAWKO for 30 gold pieces
  1071 | D:4      | Bought 3 scrolls labeled MASOXT BEURGH for 90 gold pieces
  1107 | D:5      | Entered Level 5 of the Dungeon
  1402 | D:5      | Found a sand-covered staircase.
  1410 | Ossuary  | Entered an ossuary
  1513 | Ossuary  | Reached XP level 6. HP: 52/56 MP: 3/3
  1754 | D:5      | Reached skill level 5 in Axes
  1948 | D:5      | Reached XP level 7. HP: 46/64 MP: 4/4
  2079 | D:5      | Reached skill level 5 in Shields
  2086 | D:5      | Reached skill level 5 in Armour
  2173 | D:5      | Found a sparkling altar of Nemelex Xobeh.
  2454 | D:6      | Reached skill level 6 in Axes
  2524 | D:6      | Noticed Maggie
  2535 | D:6      | HP: 3/66 [Maggie/bolt of fire (21)]
  2537 | D:6      | Killed from afar by Maggie

Levels and vault maps discovered:
D:1:      minmay_arrival_glassed_features, layout_loops_ring
D:2:      layout_basic, grunt_temple_overflow_diamond, first_ration
D:3:      layout_basic, bloody_trog, uniq_crazy_yiuf_cottage
D:4:      layout_basic, minmay_temple_entry_stoned_glass, serial_shops, shop
D:5:      layout_loops_corners, marbit_many_paths, enter_ossuary_4
D:6:      cheibrodos_two_vegetables, layout_cave_pools, kennysheep_mini_moat,
          uniq_menkaure, uniq_maggie, uniq_blork_the_orc, uniq_pikel
Temple:   cyrus_temple_forest

Skill      XL: |  1  2  3  4  5  6  7 |
---------------+----------------------+-----
Axes           | 3 4 5 6 |  6.7
Fighting       | 3 4 |  4.5
Armour         | 4 5 |  5.5
Shields        | 4 5 |  5.5

Action                   |  1- 3 |  4- 6 |  7- 9 || total
-------------------------+-------+-------+-------++-------
Melee: War axe           |    70 |   113 |   100 ||   283
 Abil: Heal Wounds       |       |     3 |     7 ||    10
  Use: Scroll            |       |     5 |       ||     5
  Eat: Chunk             |       |     1 |     1 ||     2
       Ration            |       |     1 |       ||     1
Armor: Scale mail        |    40 |    35 |    58 ||   133
Dodge: Dodged            |    22 |    21 |    30 ||    73
Block: Kite shield       |    32 |    41 |    55 ||   128

Table legend:
 A = Non-vault XP
 B = Vault XP
 C = Vault XP percentage of total XP
 D = Non-vault monster count
 E = Vault monster count
 F = Vault count percentage of total count
                 A         B        C        D         E       F
            +---------+---------+-------+---------+---------+-------
      Total |    1256 |     130 |   9.4 |      60 |      14 |  18.9
            +---------+---------+-------+---------+---------+-------
        D:1 |       3 |       0 |   0.0 |       3 |       0 |   0.0
        D:2 |      22 |       0 |   0.0 |       3 |       0 |   0.0
        D:3 |      31 |       0 |   0.0 |       5 |       0 |   0.0
        D:4 |     281 |       0 |   0.0 |      19 |       0 |   0.0
        D:5 |     421 |       2 |   0.5 |      16 |       2 |  11.1
        D:6 |     498 |       0 |   0.0 |      14 |       0 |   0.0
    Ossuary |       0 |     128 | 100.0 |       0 |      12 | 100.0
            +---------+---------+-------+---------+---------+-------
